 Dungeon Crawl Stone Soup version 0.19.3 (webtiles) character file.

170 neverEnough the Skirmisher (level 5, -3/43 HPs)
             Began as a Demonspawn Abyssal Knight on Jan 23, 2017.
             Was a Priest of Lugonu.
             Slain by a worker ant (6 damage)
             ... on level 4 of the Dungeon.
             The game lasted 00:10:46 (3179 turns).

neverEnough the Skirmisher (DsAK)                   Turns: 3179, Time: 00:10:47

Health: -3/43      AC:  4    Str: 12      XL:     5   Next: 26%
Magic:  7/7        EV: 12    Int: 14 (15) God:    Lugonu [***...]
Gold:   154        SH:  0    Dex: 10      Spells: 0 memorised, 4 levels left

rFire  + . .     SeeInvis .       - Unarmed
rCold  + . .     Gourm    .     a - +0 leather armour
rNeg   . . .     Faith    +     (no shield)
rPois  .         Spirit   .     (no helmet)
rElec  .         Reflect  .     (no cloak)
rCorr  .         Harm     .     (no gloves)
MR     .....                    (no boots)
Stlth  +++.......               t - amulet of faith
                                (no ring)
                                s - ring of stealth

@: lethally poisoned (-3 -> -6)
A: fangs 1, rugged brown scales 1, clumsy 1, cold resistance 1, demonic guardian
1, fire resistance 1
a: Depart the Abyss, Bend Space, Banish, Renounce Religion


You were on level 4 of the Dungeon.
You worshipped Lugonu.
Lugonu was most pleased with you.
You were not hungry.

You visited 1 branch of the dungeon, and saw 4 of its levels.
You visited the Abyss 1 time.

You collected 154 gold pieces.

Inventory:

Hand Weapons
 i - a +3 dagger
 l - a +0 mace
 m - a +0 dagger
 n - a +0 dagger
 p - a +0 hand axe of venom
 r - a +0 flail
Missiles
 d - 25 bolts
 x - 20 arrows
Armour
 a - a +0 leather armour (worn)
 u - a cursed +0 chain mail
Jewellery
 e - a cursed amulet of inaccuracy {unknown}
 s - a ring of stealth (left hand)
 t - an amulet of faith (around neck)
Scrolls
 c - a scroll of remove curse
 h - a scroll of enchant weapon {unknown}
Potions
 f - a potion of mutation
Comestibles
 b - 2 bread rations
 g - a chunk of flesh


   Skills:
 + Level 3.8 Fighting
 - Level 1.7 Armour
 + Level 2.1 Dodging
 + Level 2.0 Stealth
 + Level 2.7 Unarmed Combat
 + Level 3.7 Invocations


You had 4 spell levels left.
You didn't know any spells.

Dungeon Overview and Level Annotations

Branches:
Dungeon (4/15)             Temple (0/1) D:4

Altars:
Nemelex Xobeh


Innate Abilities, Weirdness & Mutations

You are partially covered in rugged brown scales. (AC +1, +3% HP)
Your flesh is cold resistant. (rC+)
A weak demonic guardian rushes to your aid.
You have very sharp teeth.
You are clumsy. (Dex -2)
Your flesh is heat resistant. (rF+)


Message History

You hear the slow rusting of a distant drain.
You feel sick. The worker ant closely misses you.
You hit the worker ant but do no damage.
The worker ant is almost dead.
The worker ant closely misses you.
You hit the worker ant but do no damage.
The worker ant is almost dead.
You feel sick. The worker ant bites you.
* * * LOW HITPOINT WARNING * * *
The worker ant bites you.
* * * LOW HITPOINT WARNING * * *
You hit the worker ant but do no damage.
The worker ant is almost dead.
The worker ant bites you.
* * * LOW HITPOINT WARNING * * *
You barely miss the worker ant. Your bite misses the worker ant.
The worker ant is almost dead.
* * * LOW HITPOINT WARNING * * *
You feel sick. The worker ant bites you.
You die...

*,** *,* #.###
,*,****,* #...#
***,,,,,* #.#.#
,*,****** #.#.# *,**
#.#,# *,* #.#,*
,,*#####** #.#,*
,,,l.....########.#,*
,******#.......a@.#,*
,* ############,* ,*
*,* ,* *,* ,*******
**,* ,,,,,,,* *,,*
******,**** *,** *
*,,,,** *,* * *,**,,*
*,*


You could see a worker ant.

Vanquished Creatures
  An iguana (D:3)
  An adder (D:4)
  2 dart slugs
  An orc (D:3)
  A ball python (D:1)
  10 bats
  2 giant cockroaches
  7 goblins
  7 hobgoblins
  9 jackals
  2 quokkas
  6 frilled lizards
  3 kobolds
  5 rats
57 creatures vanquished.

Vanquished Creatures (collateral kills)
  The ghost of nono the Sneak, an amateur HaAs of the Shining One (D:3)
  A bat (D:3)
2 creatures vanquished.

Grand Total: 59 creatures vanquished

Notes
Turn   | Place    | Note
-------+----------+-------------------------------------------
     0 | Abyss:1  | neverEnough the Demonspawn Abyssal Knight began the quest for the Orb.
     0 | Abyss:1  | Reached XP level 1. HP: 18/18 MP: 2/2
    39 | Abyss:1  | Noticed a chaos spawn
    66 | D:1      | Escaped the Abyss
   209 | D:1      | Reached skill level 1 in Dodging
   378 | D:1      | Gained mutation: You are partially covered in rugged brown scales. (AC +1, +3% HP) [demonic ancestry]
   378 | D:1      | Reached XP level 2. HP: 12/24 MP: 3/3
   711 | D:1      | Reached ** piety under Lugonu
   711 | D:1      | Reached skill level 1 in Stealth
  1241 | D:2      | Gained mutation: A weak demonic guardian rushes to your aid. [demonic ancestry]
  1241 | D:2      | Reached XP level 3. HP: 22/29 MP: 5/5
  2251 | D:3      | Gained mutation: Your flesh is cold resistant. (rC+) [demonic ancestry]
  2251 | D:3      | Reached XP level 4. HP: 36/36 MP: 6/6
  2414 | D:3      | Reached *** piety under Lugonu
  2447 | D:3      | Noticed nono's ghost (amateur HaAs)
  2565 | D:3      | Gained mutation: You are clumsy. (Dex -2) [potion of mutation]
  2565 | D:3      | Gained mutation: You have very sharp teeth. [potion of mutation]
  2565 | D:3      | Gained mutation: Your flesh is heat resistant. (rF+) [potion of mutation]
  2630 | D:3      | Killed nono's ghost
  2630 | D:3      | Reached XP level 5. HP: 3/43 MP: 7/7
  2632 | D:3      | HP: 2/43 [bat (1)]
  3112 | D:4      | Found a sparkling altar of Nemelex Xobeh.
  3179 | D:4      | Slain by a worker ant

Skill      XL: |  1  2  3  4 |
---------------+-------------+-----
Dodging        | 1 2 |  2.1
Unarmed Combat | 2 |  2.7
Stealth        | 1 2 |  2.0
Invocations    | 3 |  3.7
Fighting       | |  3.8
Armour         | |  1.7

Action                   |  1- 3 |  4- 6 || total
-------------------------+-------+-------++-------
Melee: Unarmed           |   216 |   158 ||   374
       Punch             |     2 |     1 ||     3
       Bite              |       |     8 ||     8
Invok: Bend Space        |       |     2 ||     2
  Use: Potion            |     1 |     8 ||     9
       Scroll            |       |     4 ||     4
 Stab: Sleeping          |     2 |     2 ||     4
       Distracted        |       |     1 ||     1
  Eat: Chunk             |     4 |     2 ||     6
       Bread ration      |       |     1 ||     1
Armor: Leather armour    |    98 |    44 ||   142
       Skin              |     3 |       ||     3
Dodge: Dodged            |   179 |    89 ||   268
